 Dungeon Crawl Stone Soup version 0.31-a0-185-g9dded2c639 (webtiles) character file.

Game seed: 16942025344836125544

46 qw the Shooter (level 3, -2/20 HPs)
             Began as a Deep Elf Hunter on June 22, 2023.
             Slain by a goblin
             ... wielding a +0 club
             ... led by Robin
              (3 damage)
             ... on level 2 of the Dungeon.
             The game lasted 00:00:15 (582 turns).

qw the Shooter (Deep Elf Hunter)                     Turns: 582, Time: 00:00:15

Health: -2/20      AC:  6    Str: 10    XL:     3   Next: 44%
Magic:  5/5        EV: 11    Int: 13    God:
Gold:   14         SH:  0    Dex: 18    Spells: 2/2 levels left

rFire   . . .        Y - +0 shortbow
rCold   . . .        (shield currently unavailable)
rNeg    . . .        h - +0 ring mail
rPois   .            (no helmet)
rElec   .            (no cloak)
rCorr   .            d - +0 pair of gloves
SInv    .            (no boots)
Will    .....        (no amulet)
Stlth   +            (no ring)
HPRegen 0.23/turn    (no ring)
MPRegen 0.09/turn

%: no passive effects
@: no status effects
A: no striking features
a: no special abilities


You were on level 2 of the Dungeon.
You visited 1 branch of the dungeon, and saw 2 of its levels.

You collected 40 gold pieces.
You spent 26 gold pieces at shops.


   Skills:
 - Level 1.5 Fighting
 + Level 7.0 Ranged Weapons
 - Level 2.4 Dodging
 - Level 1.2 Stealth


You had 2 spell levels left.
You didn't know any spells.
Your spell library was empty.

Inventory:

Hand Weapons
 Y - a +0 shortbow (weapon)
Armour
 d - a +0 pair of gloves (worn)
 h - a +0 ring mail (worn)
Scrolls
 a - a scroll of vulnerability {unknown}
 b - a scroll of identify
Potions
 f - a potion of might {unknown}
 g - a potion of curing

Dungeon Overview and Level Annotations

Branches:
Dungeon (2/15)

Altars:

Shops:
D:2 ?

Annotations:
D:2 Robin


Message History

You shoot an arrow. The arrow hits the giant cockroach.
The giant cockroach is severely wounded.
The giant cockroach bites you.
A hobgoblin comes into view. It is wielding a +0 club.
A goblin comes into view. It is wielding a +0 scimitar.
The giant cockroach bites you but does no damage.
You shoot an arrow. The goblin shouts!
The arrow hits the giant cockroach!
You kill the giant cockroach!
Robin of the Strong Arm comes into view.
They are wielding a +0 mace.
The goblin barely misses you.
The goblin unwields a +0 dagger.
The goblin wields a +0 sling.
The goblin shoots a sling bullet.
The sling bullet barely misses you.
Your Ranged Weapons skill increases to level 7!
You shoot an arrow. The arrow hits the goblin.
You kill the goblin!
Robin throws the goblin at you! The goblin hits you with a +0 scimitar.
You shoot an arrow.
The arrow hits the goblin but does no damage.
Robin roars a battlecry!
The goblins go into a battle-frenzy!
The goblin hits you with a +0 club. The goblin barely misses you.
You shoot an arrow. The arrow barely misses the goblin.
The arrow completely misses the goblin.
The goblin closely misses you. The goblin barely misses you.
The goblin unwields a +0 sling.
The goblin wields a +0 dagger.
The goblin closely misses you.
A goblin comes into view. It is wielding a +0 club.
The goblin hits you with a +0 club. The goblin barely misses you.
You shoot an arrow. The arrow hits the goblin.
The goblin is moderately wounded.
The goblin hits you but does no damage. The goblin hits you with a +0 scimitar.
Robin throws the goblin at you! The goblin closely misses you.
The goblin misses you.
You shoot an arrow. The arrow misses the goblin.
The arrow hits the goblin.
The goblin is moderately wounded.
The goblin hits you with a +0 dagger. The goblin closely misses you.
The goblin hits you with a +0 club.
You die...

#.# #.#..
#.#.# #.#.# .
#.#.# %. #\#.#
#..# #.#.#
)...
###.#.##g)#
#.....@gg.#
#.#.#gggg.#
#.#.#.....# #
#.#....## #
#.#....##+##.#
#.#..........#
#.#..........#
#.#.........#
#.#...#.....#


You could see a hobgoblin (strong) and 6 goblins.

Vanquished Creatures
  Natasha (D:2)
  A giant cockroach (D:2)
  5 goblins
  A hobgoblin (D:2)
  4 jackals (D:1)
  A ball python (D:1)
  2 bats (D:1)
  3 kobolds (D:1)
  4 rats (D:1)
22 creatures vanquished.

Notes
Turn   | Place    | Note
-------+----------+-------------------------------------------
     0 | D:1      | qw the Deep Elf Hunter began the quest for the Orb.
     0 | D:1      | Reached XP level 1. HP: 12/12 MP: 3/3
     0 | D:1      | 0 ||| qw: Version: 0.3-a-9-g12657ce
     0 | D:1      | 0 ||| qw: Game counter: 1912
     0 | D:1      | 0 ||| qw: Always use a shield: true
     0 | D:1      | 0 ||| qw: God list: Okawaru
     0 | D:1      | 0 ||| qw: Allow faded altars: false
     0 | D:1      | 0 ||| qw: Do Orc after D:15 true
     0 | D:1      | 0 ||| qw: Do second Lair branch before Depths: true
     0 | D:1      | 0 ||| qw: Lair rune preference: random
     0 | D:1      | 0 ||| qw: Plans: Normal
     0 | D:1      | 0 ||| PLANNING D:1-11
    70 | D:1      | Reached XP level 2. HP: 16/16 MP: 4/4
   150 | D:1      | Reached skill level 6 in Ranged Weapons
   442 | D:1      | 442 ||| UPGRADING to +0 pair of gloves.
   447 | D:1      | 447 ||| UPGRADING to +0 ring mail.
   457 | D:1      | 457 ||| DROPPING +0 leather armour.
   458 | D:1      | 458 ||| READING scroll labelled EMIYBY XUDGHI.
   459 | D:1      | 459 ||| READING scroll labelled HUS QYH YZOERR.
   463 | D:1      | 463 ||| READING scroll labelled ZUQ QE CODADGH.
   464 | D:1      | 464 ||| DRINKING 2 silvery potions.
   465 | D:1      | 465 ||| DROPPING scroll of butterflies.
   484 | D:2      | Noticed Natasha
   492 | D:2      | Killed Natasha
   493 | D:2      | Reached XP level 3. HP: 10/20 MP: 5/5
   555 | D:2      | Found Wouky's Magic Scroll Shop.
   563 | D:2      | 563 ||| BUYING scroll of identify (26 gold).
   563 | D:2      | Bought a scroll of identify for 26 gold pieces
   563 | D:2      | 563 ||| SHOPLISTING scroll of identify (26 gold, have 14).
   563 | D:2      | 563 ||| SHOPLISTING scroll of teleportation (39 gold, have
                  | 14).
   577 | D:2      | Noticed Robin
   578 | D:2      | Reached skill level 7 in Ranged Weapons
   581 | D:2      | HP: 5/20 [goblin/+0 scimitar[Robin] (4)]
   581 | D:2      | HP: 2/20 [Robin/goblin (3)]
   582 | D:2      | Slain by a goblin

Levels and vault maps discovered:
D:1:      dpeg_arrival_radiant, layout_rooms
D:2:      minmay_alternating_diamond, layout_basic, serial_shops, shop,
          uniq_natasha, uniq_crazy_yiuf_cottage, uniq_robin

Skill      XL: |  1  2  3 |
---------------+----------+-----
Ranged Weapons | 6 7 |  7.0
Fighting       | |  1.5
Dodging        | |  2.4
Stealth        | |  1.2

Action                     || total
---------------------------++-------
   Fire: Shortbow          ||    50
    Use: Scroll            ||     3
         Potion            ||     1
 Armour: Ring mail         ||     6
  Dodge: Dodged            ||    21

Table legend:
 A = Non-vault XP
 B = Vault XP
 C = Vault XP percentage of total XP
 D = Non-vault monster count
 E = Vault monster count
 F = Vault count percentage of total count
                 A         B        C        D         E       F
            +---------+---------+-------+---------+---------+-------
      Total |      25 |      41 |  62.1 |      17 |       5 |  22.7
            +---------+---------+-------+---------+---------+-------
        D:1 |      21 |       0 |   0.0 |      15 |       0 |   0.0
        D:2 |       4 |      41 |  91.1 |       2 |       5 |  71.4
            +---------+---------+-------+---------+---------+-------
